 Dungeon Crawl Stone Soup version 0.19.5 (webtiles) character file.

60009 Peloso the Fencer (level 14, -12/130 HPs)
             Began as a Minotaur Fighter on Apr 6, 2017.
             Was the Champion of Okawaru.
             Mangled by a komodo dragon (17 damage)
             ... on level 6 of the Lair of Beasts.
             The game lasted 01:02:10 (20939 turns).

Peloso the Fencer (Minotaur Fighter)               Turns: 20939, Time: 01:02:11

Health: -12/130    AC: 21    Str: 36    XL:     14   Next: 55%
Magic:  14/14      EV: 11    Int: 14    God:    Okawaru [******]
Gold:   1232       SH: 16    Dex: 13    Spells: 0 memorised, 13 levels left

rFire  . . .     SeeInvis +     q - +3 scimitar (flame)
rCold  + + .     Gourm    .     T - +1 plate armour
rNeg   . . .     Faith    .     c - +0 shield
rPois  .         Spirit   .     K - +0 hat of Okawaru's Indignation {-Cast MR+ Str+6}
rElec  .         Reflect  .     A - +1 cloak of Miracles {rC++ Int+3}
rCorr  .         Harm     .     (no gloves)
MR     ++...     NoCast   +     l - +0 pair of boots of the Forest {+Inv Str+4 Int+4} (curse)
Stlth  ..........               (no amulet)
                                J - +3 ring of strength
                                H - ring of see invisible

@: slowed, very slow
A: retaliatory headbutt, horns 2, clever 1
a: Heroism, Finesse, Renounce Religion, Evoke Invisibility


You were on level 6 of the Lair of Beasts.
You worshipped Okawaru.
Okawaru was exalted by your worship.
You were not hungry.

You visited 3 branches of the dungeon, and saw 20 of its levels.
You also visited: Bailey.

You collected 1424 gold pieces.
You spent 192 gold pieces at shops.

Inventory:

Hand Weapons
 q - a +3 scimitar of flaming (weapon)
 O - a +5 antimagic demon blade
Armour
 c - a +0 shield (worn)
 l - the cursed +0 pair of boots of the Forest (worn) {+Inv Str+4 Int+4}
   (You found it on level 3 of the Lair of Beasts)

   It affects your strength (+4).
   It affects your intelligence (+4).
   It lets you turn invisible.
   It has a curse placed upon it.
 A - the +1 cloak of Miracles (worn) {rC++ Int+3}
   (Okawaru gifted it to you on level 13 of the Dungeon)

   It affects your intelligence (+3).
   It greatly protects you from cold.
 K - the +0 hat of Okawaru's Indignation (worn) {-Cast MR+ Str+6}
   (Okawaru gifted it to you on level 12 of the Dungeon)

   It affects your strength (+6).
   It affects your resistance to hostile enchantments.
   It prevents spellcasting.
 T - a +1 plate armour (worn)
Jewellery
 H - a ring of see invisible (left hand)
 J - a +3 ring of strength (right hand)
 R - a +3 ring of protection
Wands
 d - a wand of teleportation (4/9)
 g - a wand of disintegration (10/24)
 o - a wand of lightning (7/15)
 B - a wand of paralysis (14/24)
 L - a wand of digging (10/24)
Scrolls
 h - 2 scrolls of silence {unknown}
 j - 4 scrolls of remove curse
 k - a scroll of brand weapon {unknown}
 m - 4 scrolls of teleportation {unknown}
 p - 5 scrolls of enchant weapon
 s - 4 scrolls of immolation {unknown}
 w - a scroll of amnesia
 y - 4 scrolls of blinking
 z - a scroll of identify
 C - 2 scrolls of fear {unknown}
 I - a scroll of holy word {unknown}
 M - 2 scrolls of recharging {unknown}
 P - 3 scrolls of fog {unknown}
 S - 3 scrolls of acquirement {unknown}
 W - 2 scrolls of random uselessness {unknown}
 X - a scroll of summoning {unknown}
Potions
 a - 2 potions of might
 b - a potion of invisibility
 e - 5 potions of agility
 n - 4 potions of flight
 r - 3 potions of berserk rage
 t - 2 potions of haste
 x - 3 potions of heal wounds
 E - 2 potions of curing
 G - 3 potions of resistance
Comestibles
 f - 17 bread rations
 i - 11 royal jellies
 u - 2 slices of pizza
 v - 3 chunks of flesh
 D - 9 meat rations
 F - 4 beef jerkies
 Q - 26 fruits


   Skills:
 + Level 13.7 Fighting
 + Level 16.4 Long Blades
 + Level 13.6 Armour
 + Level 4.5 Dodging
 + Level 1.6 Stealth
 + Level 15.8 Shields
 + Level 1.8 Invocations
 + Level 0.5 Evocations


You had 13 spell levels left.
You didn't know any spells.

Dungeon Overview and Level Annotations

Branches:
Dungeon (13/15)            Temple (1/1) D:5            Lair (6/6) D:10
  Swamp (0/4) Lair:2        Snake (0/4) Lair:2          Orc (0/2) D:11
 Vaults (0/5) D:13
  Slime: Lair:5-6

Altars:
Cheibriados
Dithmenos
Elyvilon
Gozag
Hepliaklqana
Makhleb
Okawaru
Qazlal
Ru
Sif Muna
Uskayaw
The Shining One

Shops:
D:5 %   D:7 !


Innate Abilities, Weirdness & Mutations

You reflexively headbutt those who attack you in melee.
You have a pair of horns on your head.
Your mind is acute. (Int +2)


Message History

The boggart hits you but does no damage.
The komodo dragon barely misses you.
The black mamba bites you but does no damage.
The spiny frog stings you but does no damage.
The hornet stings you but does no damage.
You can move again.
You feel better.
You feel yourself speed up. You block the black mamba's attack.
The boggart casts a spell.
The boggart blinks!
The hornet stings you!
* * * LOW HITPOINT WARNING * * *
You feel yourself slow down. The spiny frog closely misses you.
You furiously retaliate!
You headbutt the spiny frog!
You riposte.
You slice the spiny frog!! You burn the spiny frog.
You headbutt the spiny frog.
You kill the spiny frog!
The spiny frog's corpse dissolves into shadows!
You block the black mamba's attack. The komodo dragon bites you!
You die...

♣..♣ . ♣...♣♣♣♣ ♣.♣♣
.♣♣ ♣♣..♣♣ ♣.♣♣
♣..♣.♣..♣♣ ♣..♣
♣........♣♣♣♣ ♣g.♣♣
♣.......♣....♣♣
♣♣..♣♣.....♣♣♣♣♣♣♣..♣♣
♣......♣♣ ♣♣♣.♣
♣♣♣S§♣♣♣ ♣♣.. ♣.@♣
♣♣... ♣yl.♣ ♣....
♣....♣ #♣.... ♣♣♣..♣ .
♣..#.. ... ...♣...)
..?. ...(...† .....
........ ..P...
........ .#.#.#.#


You could see a komodo dragon, a black mamba, a hornet and a boggart
(invisible).

Vanquished Creatures
  Kirke (D:12)
  An orc warlord (Bailey)
  Azrael (D:13)
  The ghost of ShornTheSheep the Basher, a journeyman GrBe of Trog (Lair:5)
  Snorg (Lair:3)
  A yaktaur captain (D:13)
  2 hydras
  2 death knights (D:12)
  The ghost of Dumah the Artisan of Death, a novice DDNe of Kikubaaqudgha (D:8)
  An unseen horror (D:12)
  The ghost of tschems the Chopper, a novice HuFi of Qazlal (D:6)
  8 skeletal warriors (D:12)
  3 hill giants
  Pikel (D:8)
  A deep elf mage (D:12)
  3 orc knights (Bailey)
  2 manticores (D:12)
  3 ugly things
  3 cyclopes
  An elephant (D:10)
  5 black mambas
  4 spiny frogs
  A gargoyle (D:13)
  2 yaktaurs (D:13)
  An efreet (D:13)
  3 komodo dragons
  A troll (shapeshifter) (D:13)
  2 trolls
  A meliai (D:12)
  5 polar bears
  Grinder (D:5)
  6 hornets
  7 blink frogs
  2 slime creatures (D:13)
  Prince Ribbit (D:5)
  2 two-headed ogres
  6 hippogriffs
  The ghost of humperndinck the Firebug, an amateur TeFE (D:5)
  A vampire (D:9)
  11 spriggans
  Sigmund (D:3)
  A shadow (D:12)
  2 wraiths
  4 basilisks
  A hog (D:12)
  47 yaks
  2 wyverns
  3 fire elementals (D:13)
  A steam dragon (D:9)
  3 hungry ghosts
  10 vampire mosquitoes
  A mottled dragon (D:12)
  A naga (Lair:2)
  8 swamp worms
  4 insubstantial wisps (Lair:3)
  A soldier ant (D:12)
  11 water moccasins
  2 hell hounds (D:13)
  5 porcupines
  An eye of draining (D:12)
  7 sky beasts
  4 black bears
  2 ice beasts
  11 orc warriors
  A necrophage (D:6)
  18 wolves (Lair:6)
  4 ogres
  A boggart (Lair:6)
  2 phantoms
  8 centaurs
  8 crocodiles
  2 big kobolds
  14 bullfrogs
  A water moccasin skeleton (D:7)
  6 scorpions
  21 killer bees
  7 howler monkeys
  An electric eel (Lair:2)
  4 crimson imps
  3 centaur zombies
  7 hounds
  8 orc wizards
  4 centaur skeletons
  2 bullfrog skeletons
  6 jellies
  6 orc priests
  Jessica (D:2)
  Natasha (thrice) (D:3)
  5 iguanas
  10 worker ants
  A killer bee zombie (D:9)
  A hound skeleton (D:10)
  18 adders
  13 gnolls
  2 shadow imps
  5 oozes (D:10)
  20 worms
  2 adder skeletons
  An adder zombie (D:7)
  5 dart slugs
  2 leopard geckos
  58 orcs
  3 ball pythons
  3 bats (D:1)
  6 giant cockroaches
  30 goblins
  28 hobgoblins
  11 jackals
  20 kobolds
  5 quokkas
  A ball python skeleton (D:5)
  5 frilled lizards
  A leopard gecko skeleton (D:7)
  2 leopard gecko zombies
  3 quokka skeletons
  7 rats
  2 fungi (Lair:1)
  4 plants
646 creatures vanquished.

Vanquished Creatures (others)
  Joseph (D:8)
  Psyche (D:8)
  3 humans (D:12)
  An ice beast (D:8)
  A slave (D:8)
  A centaur (D:8)
  A bullfrog (D:8)
  A hound (D:12)
  A kobold (D:5)
  5 fungi
  2 plants
18 creatures vanquished.

Grand Total: 664 creatures vanquished

Notes
Turn   | Place    | Note
-------+----------+-------------------------------------------
     0 | D:1      | Peloso the Minotaur Fighter began the quest for the Orb.
     0 | D:1      | Reached XP level 1. HP: 19/19 MP: 0/0
   142 | D:1      | Reached XP level 2. HP: 26/27 MP: 1/1
   622 | D:1      | Reached skill level 3 in Long Blades
   622 | D:1      | Reached XP level 3. HP: 32/33 MP: 2/2
   931 | D:2      | Noticed Jessica
   934 | D:2      | Killed Jessica
   934 | D:2      | Reached XP level 4. HP: 41/41 MP: 3/3
  1312 | D:2      | Found a deep blue altar of Sif Muna.
  1386 | D:2      | Found a snail-covered altar of Cheibriados.
  1386 | D:2      | Found a deep blue altar of Sif Muna.
  1475 | D:3      | Noticed Sigmund
  1497 | D:3      | Killed Sigmund
  1497 | D:3      | Reached skill level 5 in Long Blades
  1497 | D:3      | Reached skill level 1 in Dodging
  1497 | D:3      | Reached XP level 5. HP: 37/47 MP: 4/4
  1564 | D:3      | Noticed Natasha
  1575 | D:3      | Killed Natasha
  1575 | D:3      | Reached XP level 6. HP: 26/53 MP: 5/5
  1991 | D:3      | Found a shadowy altar of Dithmenos.
  2011 | D:3      | Noticed Natasha
  2019 | D:3      | Killed Natasha
  2066 | D:3      | Noticed Natasha
  2073 | D:3      | Killed Natasha
  2328 | D:4      | Reached skill level 5 in Shields
  2360 | D:4      | Reached skill level 6 in Long Blades
  2403 | D:4      | Reached skill level 5 in Armour
  2503 | D:4      | Found a stormy altar of Qazlal.
  2559 | D:4      | Reached XP level 7. HP: 29/60 MP: 6/6
  3076 | D:5      | Entered Level 5 of the Dungeon
  3108 | D:5      | Noticed Prince Ribbit
  3134 | D:5      | Killed Prince Ribbit
  3134 | D:5      | Reached skill level 5 in Fighting
  3376 | D:5      | Found a hazy altar of Hepliaklqana.
  3382 | D:5      | Noticed humperndinck's ghost (amateur TeFE)
  3389 | D:5      | Killed humperndinck's ghost
  3389 | D:5      | Reached skill level 7 in Long Blades
  3407 | D:5      | Reached XP level 8. HP: 12/69 MP: 7/7
  3746 | D:5      | Found a burning altar of Makhleb.
  3819 | D:5      | Found a staircase to the Ecumenical Temple.
  3832 | Temple   | Entered the Ecumenical Temple
  3836 | Temple   | Became a worshipper of Warmaster Okawaru
  3907 | D:5      | Found Asangyuv's Food Boutique.
  4025 | D:5      | Reached skill level 1 in Stealth
  4292 | D:5      | Noticed Grinder
  4294 | D:5      | Paralysed by Grinder for 6 turns
  4310 | D:5      | Killed Grinder
  4554 | D:6      | Noticed tschems's ghost (novice HuFi)
  4556 | D:6      | Reached skill level 8 in Long Blades
  4927 | D:6      | Killed tschems's ghost
  4927 | D:6      | Reached * piety under Okawaru
  4927 | D:6      | Reached skill level 9 in Long Blades
  4927 | D:6      | Reached XP level 9. HP: 48/75 MP: 8/8
  4960 | D:6      | Found a shadowy altar of Dithmenos.
  5272 | D:6      | Got a fine war axe
  5273 | D:6      | Identified the +5 war axe of Domination {drain, rPois Str+5} (You found it on level 6 of the Dungeon)
  5709 | D:7      | Reached ** piety under Okawaru
  5724 | D:7      | Reached skill level 10 in Long Blades
  5802 | D:7      | Found Qefaum's Distillery.
  5856 | D:7      | Bought a potion of curing for 48 gold pieces
  5856 | D:7      | Bought a potion of heal wounds for 80 gold pieces
  5856 | D:7      | Bought a potion of agility for 64 gold pieces
  5869 | D:7      | Found a snail-covered altar of Cheibriados.
  6198 | D:7      | Reached *** piety under Okawaru
  6198 | D:7      | Reached skill level 11 in Long Blades
  6591 | D:8      | Noticed Joseph
  6592 | D:8      | Noticed Pikel
  6607 | D:8      | Killed Pikel
  6607 | D:8      | Reached XP level 10. HP: 87/88 MP: 9/9
  6611 | D:8      | Killed Joseph
  6661 | D:8      | Noticed Dumah's ghost (novice DDNe)
  6687 | D:8      | Killed Dumah's ghost
  6690 | D:8      | Noticed Psyche
  6693 | D:8      | Killed Psyche
  7211 | D:8      | Reached **** piety under Okawaru
  7231 | D:8      | Noticed a hill giant
  7238 | D:8      | Killed a hill giant
  7596 | D:8      | Identified Zudua's Handbook of the Voyage and Beguiling
  7755 | D:8      | Reached skill level 12 in Long Blades
  7763 | D:8      | Found a hide-covered altar of Uskayaw.
  8081 | D:9      | Reached skill level 10 in Shields
  8136 | D:9      | Found a snail-covered altar of Cheibriados.
  8325 | D:9      | Reached ***** piety under Okawaru
  8529 | D:9      | Reached XP level 11. HP: 91/95 MP: 7/10
  8632 | D:9      | Gained mutation: Your mind is acute. (Int +2) [potion of beneficial mutation]
  9230 | D:10     | Entered Level 10 of the Dungeon
  9244 | D:10     | Received a gift from Okawaru
  9281 | D:10     | Found a staircase to the Lair.
  9673 | D:10     | Reached skill level 13 in Long Blades
 10101 | D:10     | Reached skill level 10 in Armour
 10425 | D:11     | Received a gift from Okawaru
 10441 | D:11     | Found a staircase to the Orcish Mines.
 10823 | D:11     | Noticed a hill giant
 10831 | D:11     | Killed a hill giant
 11324 | Lair:1   | Entered Level 1 of the Lair of Beasts
 11619 | Lair:1   | Reached skill level 10 in Fighting
 11856 | Lair:1   | Reached skill level 14 in Long Blades
 11856 | Lair:1   | Reached XP level 12. HP: 97/106 MP: 3/11
 12515 | Lair:2   | Found a staircase to the Snake Pit.
 12575 | Lair:2   | Reached ****** piety under Okawaru
 12575 | Lair:2   | Received a gift from Okawaru
 12816 | Lair:2   | Noticed a six-headed hydra
 12910 | D:12     | Noticed Kirke
 12930 | D:12     | Killed Kirke
 13390 | D:12     | Received a gift from Okawaru
 13393 | D:12     | Got a blackened hat {god gift}
 13399 | D:12     | Identified the +0 hat of Okawaru's Indignation {-Cast MR+ Str+6} (Okawaru gifted it to you on level 12 of the Dungeon)
 13639 | D:12     | Noticed a death knight
 13649 | D:12     | Killed a death knight
 14032 | D:12     | Reached skill level 15 in Long Blades
 14213 | D:12     | Reached XP level 13. HP: 81/117 MP: 1/12
 14223 | D:12     | Reached skill level 1 in Invocations
 15631 | D:13     | Found a flagged portal.
 15643 | Bailey   | Entered a bailey
 16151 | Bailey   | Noticed an orc warlord
 16609 | Bailey   | Killed an orc warlord
 17049 | D:13     | Noticed Azrael
 17059 | D:13     | Killed Azrael
 17113 | D:13     | Found a white marble altar of Elyvilon.
 17161 | D:13     | Received a gift from Okawaru
 17167 | D:13     | Got a polished cloak {god gift}
 17185 | D:13     | Identified the +1 cloak of Miracles {rC++ Int+3} (Okawaru gifted it to you on level 13 of the Dungeon)
 17701 | D:13     | Found a gate to the Vaults.
 17940 | Lair:2   | Reached skill level 16 in Long Blades
 18194 | Lair:2   | Found a staircase to the Swamp.
 18580 | Lair:3   | Noticed Snorg
 18588 | Lair:3   | Killed Snorg
 18588 | Lair:3   | Reached XP level 14. HP: 86/127 MP: 14/14
 18979 | Lair:3   | Got a pair of spiked boots
 18990 | Lair:3   | Identified the cursed +0 pair of boots of the Forest {+Inv Str+4 Int+4} (You found it on level 3 of the Lair of Beasts)
 19567 | Lair:4   | Received a gift from Okawaru
 19851 | Lair:5   | Reached skill level 15 in Shields
 19902 | Lair:5   | Noticed ShornTheSheep's ghost (journeyman GrBe)
 19931 | Lair:5   | Killed ShornTheSheep's ghost
 20499 | Lair:6   | Entered Level 6 of the Lair of Beasts
 20923 | Lair:6   | Paralysed by a hornet for 3 turns
 20936 | Lair:6   | Paralysed by a hornet for 2 turns
 20937 | Lair:6   | HP: 4/130 [spiny frog[a boggart] (5)]
 20939 | Lair:6   | Mangled by a komodo dragon

Skill      XL: |  1  2  3  4  5  6  7  8  9 10 11 12 13 14 |
---------------+-------------------------------------------+-----
Fighting       | 4 5 6 7 8 10 11 12 13 | 13.7
Armour         | 4 5 7 8 9 10 11 13 | 13.6
Long Blades    | 3 5 6 7 9 11 12 14 15 16 | 16.4
Dodging        | 1 2 3 4 |  4.5
Shields        | 4 5 6 7 9 10 11 13 14 15 | 15.8
Stealth        | 1 |  1.6
Invocations    | 1 |  1.8
Evocations     | |  0.5

Action                   |  1- 3 |  4- 6 |  7- 9 | 10-12 | 13-15 || total
-------------------------+-------+-------+-------+-------+-------++-------
Melee: Long sword        |    70 |   148 |   410 |   262 |       ||   890
       Headbutt          |    13 |    20 |    82 |   187 |   201 ||   503
       Demon blade       |       |       |       |   577 |   295 ||   872
       Scimitar          |       |       |       |       |   415 ||   415
Invok: Heroism           |       |       |       |     7 |     4 ||    11
Evoke: Wand              |       |       |       |       |     5 ||     5
  Use: Scroll            |       |       |     9 |     9 |     7 ||    25
       Potion            |       |       |       |     5 |     4 ||     9
  Eat: Chunk             |       |     6 |    12 |    26 |    22 ||    66
       Fruit             |       |       |       |     2 |       ||     2
       Beef jerky        |       |       |       |     2 |       ||     2
Armor: Scale mail        |    29 |    56 |    61 |       |       ||   146
       Chain mail        |       |       |    59 |       |       ||    59
       Plate armour      |       |       |    20 |   314 |   258 ||   592
Dodge: Dodged            |    18 |    43 |   107 |   168 |   187 ||   523
Block: Shield            |    26 |    83 |   201 |   466 |   474 ||  1250
       Rpst.: Long sword |     3 |     7 |    23 |    16 |       ||    49
       Demon blade       |       |       |       |    30 |    10 ||    40
       Scimitar          |       |       |       |       |    37 ||    37
